2521 views
Uploaded 2021-01-15 20:28:43
Game version 1.32.9
50:14 long 1on1 ladder game on (2)ConcealedHill
Saved by xzz
2521 views
Uploaded 2021-01-15 20:28:43
Game version 1.32.9
50:14 long 1on1 ladder game on (2)ConcealedHill

45 units @ 7k
/ 1.6k
82 buildings @ 5.1k
/ 2.9k

| Scroll of Regeneration | 11 | 1100 |
| Lesser Clarity Potion | 5 | 350 |
| Mechanical Critter | 2 | 100 |
| Potion of Healing | 1 | 150 |
| Scroll of Town Portal | 6 | 2100 |
| Potion of Lesser Invulnerability | 2 | 300 |
| Potion of Invisibility | 4 | 400 |
| Boots of Speed | 1 | 250 |
| Staff of Teleportation | 1 | 150 |
| total: | 33 | 4900g |
| Peasant | 16 | 1200 | / | 0 |
| Footman | 4 | 540 | / | 0 |
| Mortar Team | 4 | 720 | / | 280 |
| Flying Machine | 6 | 600 | / | 180 |
| Sorceress | 2 | 310 | / | 40 |
| Gryphon Rider | 7 | 1960 | / | 490 |
| Goblin Shredder | 2 | 750 | / | 200 |
| Goblin Sapper | 3 | 645 | / | 300 |
| Goblin Zeppelin | 1 | 240 | / | 60 |
| total: | 45 | 6965g | / | 1550w |
| Scout Tower | 56 | 1680 | / | 1120 |
| Arcane Tower | 6 | 420 | / | 300 |
| Guard Tower | 19 | 1330 | / | 950 |
| Altar of Kings | 1 | 180 | / | 50 |
| Farm | 13 | 1040 | / | 260 |
| Barracks | 1 | 160 | / | 60 |
| Lumber Mill | 1 | 120 | / | 0 |
| Arcane Vault | 1 | 130 | / | 30 |
| Town Hall | 2 | 770 | / | 410 |
| Blacksmith | 1 | 140 | / | 60 |
| Cannon Tower | 13 | 1560 | / | 1300 |
| Workshop | 3 | 420 | / | 420 |
| Arcane Sanctum | 1 | 150 | / | 140 |
| Gryphon Aviary | 2 | 280 | / | 300 |
| Keep | 1 | 320 | / | 210 |
| Castle | 1 | 360 | / | 210 |
| total: | 82 | 5070g | / | 2850w |
| 0:09 | Peasant |
| 0:09 | Peasant |
| 0:13 | Altar of Kings |
| 0:16 | Farm |
| 0:37 | Scout Tower |
| 0:41 | Peasant |
| 0:49 | Barracks |
| 0:56 | Peasant |
| 1:08 | Peasant |
| 1:16 | Farm |
| 1:27 | Peasant |
| 1:43 | Peasant |
| 1:46 | Lumber Mill |
| 1:59 | Arcane Vault |
| 2:07 | Footman |
| 2:14 | Arcane Tower |
| 2:19 | Flame Strike |
| 2:28 | Farm |
| 2:31 | Scout Tower |
| 2:42 | Footman |
| 3:12 | Footman |
| 3:16 | Scroll of Regeneration |
| 3:17 | Lesser Clarity Potion |
| 3:23 | Peasant |
| 3:32 | Scout Tower |
| 3:39 | Footman |
| 3:44 | Scroll of Regeneration |
| 3:51 | Guard Tower |
| 4:09 | Peasant |
| 4:09 | Peasant |
| 4:13 | Peasant |
| 4:53 | Scout Tower |
| 4:53 | Scout Tower |
| 4:54 | Scout Tower |
| 4:54 | Scout Tower |
| 4:56 | Siphon Mana |
| 5:04 | Scout Tower |
| 5:11 | Guard Tower |
| 5:13 | Peasant |
| 5:21 | Arcane Tower |
| 5:23 | Guard Tower |
| 5:25 | Guard Tower |
| 5:28 | Scout Tower |
| 5:35 | Guard Tower |
| 5:50 | Farm |
| 6:04 | Town Hall |
| 7:04 | Peasant |
| 7:04 | Peasant |
| 7:04 | Peasant |
| 7:37 | Goblin Shredder |
| 7:44 | Guard Tower |
| 7:53 | Scout Tower |
| 7:57 | Scout Tower |
| 8:01 | Flame Strike |
| 8:02 | Scroll of Regeneration |
| 8:03 | Lesser Clarity Potion |
| 8:13 | Scroll of Regeneration |
| 8:26 | Keep |
| 8:35 | Goblin Sapper |
| 8:49 | Guard Tower |
| 8:52 | Blacksmith |
| 9:14 | Guard Tower |
| 9:17 | Scout Tower |
| 9:23 | Scout Tower |
| 9:28 | Scout Tower |
| 9:28 | Scout Tower |
| 9:29 | Scout Tower |
| 9:29 | Scout Tower |
| 9:29 | Scout Tower |
| 9:30 | Scout Tower |
| 9:34 | Scout Tower |
| 9:34 | Scout Tower |
| 9:35 | Scout Tower |
| 9:39 | Improved Masonry |
| 9:43 | Scroll of Regeneration |
| 9:46 | Guard Tower |
| 9:53 | Scout Tower |
| 9:54 | Scout Tower |
| 9:58 | Mechanical Critter |
| 9:58 | Mechanical Critter |
| 10:12 | Guard Tower |
| 10:22 | Guard Tower |
| 10:25 | Arcane Tower |
| 10:26 | Arcane Tower |
| 10:28 | Guard Tower |
| 10:30 | Guard Tower |
| 10:31 | Arcane Tower |
| 11:13 | Potion of Lesser Invulnerability |
| 11:15 | Scroll of Town Portal |
| 11:20 | Workshop |
| 11:26 | Workshop |
| 11:30 | Workshop |
| 11:34 | Advanced Masonry |
| 11:40 | Scout Tower |
| 11:41 | Scroll of Regeneration |
| 11:53 | Potion of Healing |
| 12:10 | Mortar Team |
| 12:18 | Farm |
| 12:27 | Potion of Invisibility |
| 12:29 | Boots of Speed |
| 12:31 | Potion of Lesser Invulnerability |
| 12:31 | Staff of Teleportation |
| 12:45 | Flying Machine |
| 12:46 | Mortar Team |
| 12:47 | Mortar Team |
| 13:26 | Scroll of Town Portal |
| 13:38 | Cannon Tower |
| 13:40 | Goblin Sapper |
| 13:53 | Cannon Tower |
| 14:42 | Potion of Invisibility |
| 14:48 | Castle |
| 14:51 | Black Gunpowder |
| 14:54 | Flak Cannons |
| 14:56 | Scout Tower |
| 14:56 | Scout Tower |
| 15:00 | Scout Tower |
| 15:01 | Scout Tower |
| 15:02 | Scout Tower |
| 15:02 | Scout Tower |
| 15:29 | Lesser Clarity Potion |
| 15:33 | Scroll of Regeneration |
| 15:35 | Siphon Mana |
| 15:37 | Cannon Tower |
| 15:41 | Mortar Team |
| 15:51 | Arcane Sanctum |
| 16:16 | Flying Machine |
| 16:20 | Cannon Tower |
| 16:25 | Potion of Invisibility |
| 16:34 | Farm |
| 16:42 | Goblin Sapper |
| 17:09 | Farm |
| 17:11 | Farm |
| 17:13 | Magic Sentry |
| 17:14 | Sorceress Adept Training |
| 17:14 | Sorceress |
| 17:14 | Sorceress |
| 17:58 | Cannon Tower |
| 18:02 | Cannon Tower |
| 18:03 | Cannon Tower |
| 18:07 | Scout Tower |
| 18:09 | Scout Tower |
| 18:12 | Scout Tower |
| 18:13 | Scout Tower |
| 18:15 | Imbued Masonry |
| 18:17 | Fragmentation Shards |
| 18:21 | Scroll of Regeneration |
| 18:22 | Lesser Clarity Potion |
| 18:46 | Scroll of Regeneration |
| 18:46 | Lesser Clarity Potion |
| 18:48 | Scroll of Town Portal |
| 19:18 | Flying Machine |
| 19:19 | Flying Machine |
| 19:19 | Flying Machine |
| 20:16 | Scout Tower |
| 20:16 | Scout Tower |
| 20:16 | Scout Tower |
| 20:17 | Scout Tower |
| 20:53 | Cannon Tower |
| 21:54 | Scroll of Regeneration |
| 21:55 | Scroll of Town Portal |
| 22:01 | Flame Strike |
| 22:42 | Goblin Shredder |
| 23:45 | Scout Tower |
| 23:46 | Scout Tower |
| 23:46 | Scout Tower |
| 23:47 | Scout Tower |
| 23:49 | Scout Tower |
| 23:50 | Scout Tower |
| 23:50 | Scout Tower |
| 23:51 | Scout Tower |
| 24:25 | Guard Tower |
| 24:49 | Potion of Invisibility |
| 24:57 | Guard Tower |
| 25:17 | Cannon Tower |
| 25:21 | Guard Tower |
| 25:31 | Arcane Tower |
| 25:33 | Guard Tower |
| 25:59 | Cannon Tower |
| 26:03 | Scout Tower |
| 26:04 | Scout Tower |
| 26:13 | Scout Tower |
| 26:14 | Scout Tower |
| 26:19 | Scroll of Regeneration |
| 26:30 | Town Hall |
| 26:52 | Scroll of Town Portal |
| 27:43 | Scout Tower |
| 27:43 | Scout Tower |
| 27:43 | Scout Tower |
| 27:44 | Scout Tower |
| 27:45 | Scout Tower |
| 27:56 | Cannon Tower |
| 27:58 | Cannon Tower |
| 28:00 | Guard Tower |
| 28:12 | Peasant |
| 28:29 | Scroll of Town Portal |
| 29:04 | Goblin Zeppelin |
| 30:28 | Cannon Tower |
| 30:30 | Guard Tower |
| 31:09 | Gryphon Aviary |
| 31:13 | Gryphon Aviary |
| 33:54 | Cloud |
| 33:54 | Storm Hammers |
| 33:57 | Refined Gunpowder |
| 33:58 | Iron Plating |
| 33:58 | Studded Leather Armor |
| 33:59 | Iron Forged Swords |
| 36:32 | Farm |
| 36:32 | Farm |
| 36:32 | Farm |
| 36:33 | Farm |
| 36:33 | Farm |
| 36:40 | Imbued Gunpowder |
| 36:40 | Steel Plating |
| 37:14 | Flying Machine Bombs |
| 37:17 | Reinforced Leather Armor |
| 37:31 | Flare |
| 39:40 | Steel Forged Swords |
| 39:41 | Sorceress Master Training |
| 41:03 | Mithril Plating |
| 42:18 | Dragonhide Armor |
| 45:56 | Mithril Forged Swords |
| 50:04 | Gryphon Rider |
| 50:04 | Gryphon Rider |
| 50:04 | Gryphon Rider |
| 50:04 | Gryphon Rider |
| 50:04 | Gryphon Rider |
| 50:05 | Gryphon Rider |
| 50:05 | Gryphon Rider |
| 50:10 | Flying Machine |
| Right click | 1573 |
| Select | 656 |
| Build/train/purchase | 198 |
| Select group | 193 |
| Use ability | 99 |
| Misc. action | 48 |
| Item give/drop | 13 |
| Assign group | 12 |
| Esc | 6 |
60 units @ 6.6k
/ 0.7k
42 buildings @ 4.5k
/ 2.1k


| Lesser Clarity Potion | 1 | 70 |
| Scroll of Regeneration | 3 | 300 |
| Mechanical Critter | 2 | 100 |
| Scroll of Town Portal | 1 | 350 |
| total: | 7 | 820g |
| Peasant | 36 | 2700 | / | 0 |
| Footman | 5 | 675 | / | 0 |
| Rifleman | 5 | 1025 | / | 150 |
| Priest | 3 | 405 | / | 30 |
| Siege Engine | 3 | 585 | / | 180 |
| Knight | 1 | 245 | / | 60 |
| Flying Machine | 5 | 500 | / | 150 |
| Goblin Zeppelin | 2 | 480 | / | 120 |
| total: | 60 | 6615g | / | 690w |
| Scout Tower | 15 | 450 | / | 300 |
| Arcane Tower | 5 | 350 | / | 250 |
| Guard Tower | 3 | 210 | / | 150 |
| Farm | 13 | 1040 | / | 260 |
| Barracks | 1 | 160 | / | 60 |
| Altar of Kings | 1 | 180 | / | 50 |
| Blacksmith | 2 | 280 | / | 120 |
| Lumber Mill | 1 | 120 | / | 0 |
| Arcane Vault | 2 | 260 | / | 60 |
| Town Hall | 4 | 1540 | / | 820 |
| Arcane Sanctum | 1 | 150 | / | 140 |
| Workshop | 1 | 140 | / | 140 |
| Gryphon Aviary | 1 | 140 | / | 150 |
| Keep | 1 | 320 | / | 210 |
| Castle | 1 | 360 | / | 210 |
| total: | 42 | 4460g | / | 2100w |
| 0:06 | Farm |
| 0:09 | Barracks |
| 0:14 | Altar of Kings |
| 0:15 | Peasant |
| 0:17 | Peasant |
| 0:31 | Peasant |
| 0:46 | Farm |
| 1:04 | Peasant |
| 1:32 | Footman |
| 1:32 | Footman |
| 1:53 | Farm |
| 2:00 | Peasant |
| 2:00 | Peasant |
| 2:03 | Peasant |
| 2:17 | Footman |
| 2:25 | Storm Bolt |
| 2:40 | Footman |
| 2:44 | Blacksmith |
| 3:16 | Blacksmith |
| 3:17 | Peasant |
| 3:17 | Peasant |
| 3:28 | Lumber Mill |
| 3:32 | Peasant |
| 3:43 | Scout Tower |
| 3:58 | Footman |
| 4:05 | Arcane Vault |
| 4:37 | Arcane Vault |
| 4:45 | Farm |
| 4:46 | Farm |
| 4:47 | Farm |
| 4:53 | Keep |
| 5:15 | Bash |
| 6:07 | Scout Tower |
| 6:09 | Rifleman |
| 6:09 | Rifleman |
| 6:17 | Town Hall |
| 6:22 | Lesser Clarity Potion |
| 6:23 | Scroll of Regeneration |
| 6:38 | Scout Tower |
| 6:45 | Scout Tower |
| 6:48 | Rifleman |
| 7:06 | Farm |
| 7:11 | Scroll of Regeneration |
| 7:39 | Arcane Tower |
| 7:43 | Arcane Tower |
| 7:56 | Arcane Sanctum |
| 8:01 | Workshop |
| 8:24 | Storm Bolt |
| 9:29 | Priest |
| 9:29 | Priest |
| 9:29 | Priest |
| 9:33 | Rifleman |
| 9:54 | Summon Lava Spawn |
| 10:22 | Castle |
| 12:24 | Scout Tower |
| 12:33 | Gryphon Aviary |
| 12:37 | Long Rifles |
| 12:44 | Town Hall |
| 13:13 | Peasant |
| 13:13 | Peasant |
| 13:13 | Peasant |
| 13:24 | Arcane Tower |
| 13:27 | Scout Tower |
| 13:28 | Scout Tower |
| 13:29 | Scout Tower |
| 13:38 | Siege Engine |
| 13:38 | Siege Engine |
| 13:42 | Farm |
| 13:43 | Farm |
| 13:44 | Farm |
| 13:48 | Farm |
| 13:55 | Scroll of Town Portal |
| 14:08 | Farm |
| 14:31 | Farm |
| 14:42 | Guard Tower |
| 14:47 | Arcane Tower |
| 14:53 | Knight |
| 15:27 | Peasant |
| 15:27 | Peasant |
| 15:27 | Peasant |
| 15:29 | Peasant |
| 15:29 | Peasant |
| 16:30 | Goblin Zeppelin |
| 16:42 | Bash |
| 17:01 | Goblin Zeppelin |
| 17:16 | Siege Engine |
| 17:46 | Peasant |
| 18:21 | Peasant |
| 19:17 | Incinerate |
| 19:55 | Peasant |
| 19:55 | Peasant |
| 20:08 | Flying Machine |
| 20:08 | Flying Machine |
| 20:09 | Flying Machine |
| 20:09 | Flying Machine |
| 20:40 | Mechanical Critter |
| 20:40 | Mechanical Critter |
| 21:02 | Rifleman |
| 21:05 | Flying Machine |
| 21:13 | Scroll of Regeneration |
| 21:49 | Peasant |
| 21:49 | Peasant |
| 21:50 | Peasant |
| 22:06 | Magic Sentry |
| 23:17 | Peasant |
| 23:17 | Peasant |
| 23:43 | Town Hall |
| 24:06 | Peasant |
| 24:06 | Peasant |
| 24:06 | Peasant |
| 25:52 | Town Hall |
| 26:22 | Scout Tower |
| 26:26 | Scout Tower |
| 26:30 | Scout Tower |
| 26:44 | Peasant |
| 26:44 | Peasant |
| 27:44 | Scout Tower |
| 27:48 | Scout Tower |
| 27:51 | Scout Tower |
| 28:10 | Peasant |
| 28:28 | Guard Tower |
| 28:34 | Arcane Tower |
| 28:41 | Guard Tower |
| 29:13 | Peasant |
| 29:13 | Peasant |
| 29:33 | Scout Tower |
| 29:37 | Peasant |
| Right click | 643 |
| Select | 439 |
| Select group | 254 |
| Build/train/purchase | 96 |
| Use ability | 21 |
| Assign group | 12 |
| Misc. action | 6 |
| Esc | 2 |
| Item give/drop | 1 |
| Remove unit | 1 |